 Dungeon Crawl Stone Soup version 0.31-a0-977-gc230f8ef24 (webtiles) character file.

Game seed: 17550287501612911267

1582 CowFu the Cleaver (level 8, -1/64 HPs)
             Began as a Minotaur Fighter on Oct 30, 2023.
             Was an Initiate of Okawaru.
             Slain by a troll (8 damage)
             ... on level 6 of the Dungeon.
             The game lasted 00:07:09 (5688 turns).

CowFu the Cleaver (Minotaur Fighter)                Turns: 5688, Time: 00:07:10

Health: -1/64      AC: 10    Str: 24    XL:     8   Next: 60%
Magic:  7/7        EV:  7    Int:  5    God:    Okawaru [......]
Gold:   403        SH:  9    Dex:  9    Spells: 7/7 levels left

rFire   . . .        a - +4 war axe
rCold   . . .        s - +1 kite shield
rNeg    . . .        i - +0 chain mail
rPois   .            (helmet restricted)
rElec   .            (no cloak)
rCorr   .            (no gloves)
SInv    .            m - +0 pair of boots
Will    .....        (no amulet) Stlth
                     (no ring)
HPRegen 0.30/turn    (no ring)
MPRegen 0.10/turn

%: no passive effects
@: about to teleport, spiked
A: horns 2, retaliatory headbutt
a: Renounce Religion


You were on level 6 of the Dungeon.
You worshipped Okawaru.
Okawaru was noncommittal.
You visited 1 branch of the dungeon, and saw 6 of its levels.
You also visited: Sewer.

You collected 403 gold pieces.

Inventory:

Hand Weapons
 a - a +4 war axe (weapon)
 b - a +2 flail of holy wrath
Missiles
 l - a throwing net
Armour
 i - a +0 chain mail (worn)
 m - a +0 pair of boots (worn)
 s - a +1 kite shield (worn)
Jewellery
 c - a ring of magical power
 d - an amulet of magic regeneration
Wands
 u - a wand of flame (9)
Scrolls
 f - 2 scrolls of noise
 h - a scroll of teleportation
 o - a scroll of identify
 q - a scroll of enchant weapon
 v - a scroll of blinking
Potions
 e - a potion of cancellation
 g - 2 potions of enlightenment
 j - a potion of lignification {unknown}
 k - a potion of heal wounds {unknown}
 n - a potion of attraction {unknown}
 p - 2 potions of curing
 r - a potion of magic {unknown}
 t - 2 potions of invisibility {unknown}
 w - 2 potions of haste {unknown}


   Skills:
 - Level 3.6 Fighting
 + Level 13.0 Axes
 - Level 3.6 Armour
 - Level 3.6 Shields


You had 7 spell levels left.
You didn't know any spells.
Your spell library contained the following spells:

 Spells                   Type           Power      Damage    Failure   Level
 Blink                    Tloc           0%         N/A       100%        2
 Manifold Assault         Tloc           0%         N/A       100%        4
 Alistair's Intoxication  Tmut/Pois      0%         N/A       100%        5
 Borgnjor's Vile Clutch   Necr/Erth      0%         N/A       100%        5
 Eringya's Noxious Bog    Tmut/Pois      0%         4d6       100%        6


Dungeon Overview and Level Annotations

Branches:
Dungeon (6/15)              Sewer (visited)
 Temple: D:4-7

Altars:
Cheibriados
Fedhas
Kikubaaqudgha
Nemelex Xobeh
Okawaru
Uskayaw
Wu Jian
Yredelemnul


Innate Abilities, Weirdness & Mutations

You have a pair of horns on your head.
You reflexively headbutt those who attack you in melee.


Message History

You slash the yak! The yak completely misses you. The troll bites you.
You block the troll's attack. x2
You slash the yak!
The yak is heavily wounded.
You hit the troll. The yak closely misses you. The troll bites you!
The troll barely misses you. The troll claws you but does no damage.
You hit the yak. You headbutt the yak!
The yak is almost dead.
You hit the troll. The troll bites you. You block the troll's attack.
The troll barely misses you. The yak gores you.
You slash the yak!
You kill the yak!
Okawaru accepts your kill.
You slash the troll!
A manticore comes into view.
You block the troll's attack. The troll claws you! The troll claws you.
* * * LOW HITPOINT WARNING * * *
Your Axes skill increases to level 13!
You are too injured to fight recklessly!
You are too injured to fight recklessly!
You are too injured to fight recklessly!
As you read the scroll of teleportation, it crumbles to dust.
You feel strangely unstable. The troll closely misses you.
You furiously retaliate!
You headbutt the troll, but do no damage.
The troll claws you but does no damage. The troll barely misses you.
You barely miss the troll.
The troll is moderately wounded.
The manticore flicks its tail.
The volley of spikes hits you!
The barbed spikes become lodged in your body.
* * * LOW HITPOINT WARNING * * *
The troll closely misses you. The troll claws you.
* * * LOW HITPOINT WARNING * * *
The troll closely misses you.
It was a potion of curing.
You feel better.
The manticore flicks its tail.
The volley of spikes misses you. The troll barely misses you.
You furiously retaliate!
You headbutt the troll. The troll claws you!
You die...

.# .# ..# #.. ...# #.# ##
....# # #.. ..# .....#
.#.. #..#
......###.###...#
#.HT.†........
+...@.........
#..(..........
#............. .....#
##+##......... .....#
#....'......... .....#
+....#.........
.....##########+#......#+#
.......................#
.................(.....#


You could see a manticore and a troll.

Vanquished Creatures
  A yak (D:6)
  Edmund (D:4)
  A black bear (D:6)
  2 ogres (D:4)
  A phantom (D:5)
  2 bullfrogs (Sewer)
  A gnoll sergeant (D:4)
  A scorpion (D:5)
  3 hounds
  An orc priest (D:4)
  A jelly (D:6)
  7 iguanas
  3 orc wizards (D:5)
  Terence (D:3)
  10 adders
  5 gnolls
  2 river rats (D:4)
  2 ufetubi (D:5)
  A worm (D:3)
  10 dart slugs
  8 orcs
  16 ball pythons
  8 endoplasms
  6 giant cockroaches
  6 goblins
  6 hobgoblins
  4 jackals (D:1)
  4 kobolds
  4 quokkas
  6 bats
  9 frilled lizards
  6 rats
139 creatures vanquished.

Notes
Turn   | Place    | Note
-------+----------+-------------------------------------------
     0 | D:1      | CowFu the Minotaur Fighter began the quest for the Orb.
     0 | D:1      | Reached XP level 1. HP: 19/19 MP: 0/0
    25 | D:1      | Reached skill level 3 in Axes
   122 | D:1      | Reached XP level 2. HP: 26/26 MP: 1/1
   207 | D:1      | Reached skill level 4 in Axes
   415 | D:1      | Reached XP level 3. HP: 31/31 MP: 2/2
  1529 | D:3      | Reached skill level 5 in Axes
  1589 | D:3      | Reached XP level 4. HP: 39/39 MP: 3/3
  1687 | D:3      | Noticed Terence
  1696 | D:3      | Killed Terence
  1829 | D:3      | Found a basalt altar of Yredelemnul.
  1964 | D:3      | Reached skill level 6 in Axes
  2426 | D:4      | Found a glowing drain.
  2437 | D:4      | Reached XP level 5. HP: 21/45 MP: 4/4
  2442 | Sewer    | Entered a sewer
  2698 | Sewer    | Reached skill level 7 in Axes
  2704 | Sewer    | Reached skill level 8 in Axes
  2704 | Sewer    | Reached XP level 6. HP: 41/51 MP: 5/5
  3378 | D:4      | Found a snail-covered altar of Cheibriados.
  3409 | D:4      | Reached skill level 9 in Axes
  3505 | D:4      | Found an ornate altar of the Wu Jian Council.
  3623 | D:4      | Found an ancient bone altar of Kikubaaqudgha.
  3674 | D:4      | Reached XP level 7. HP: 36/57 MP: 6/6
  3755 | D:4      | Found an iron altar of Okawaru.
  3812 | D:4      | Identified the +1 robe of a wizard's laboratory {Will+
                  | Dex+5 SInv}
  4114 | D:5      | Entered Level 5 of the Dungeon
  4153 | D:5      | Reached skill level 10 in Axes
  4175 | D:5      | Noticed Edmund
  4304 | D:4      | Killed Edmund
  4449 | D:5      | Reached skill level 11 in Axes
  4652 | D:5      | Found a hide-covered altar of Uskayaw.
  4663 | D:5      | Reached XP level 8. HP: 64/64 MP: 7/7
  4877 | D:4      | Became a worshipper of Warmaster Okawaru
  4927 | D:5      | Reached skill level 12 in Axes
  5039 | D:5      | Found a sparkling altar of Nemelex Xobeh.
  5342 | D:5      | Found a blossoming altar of Fedhas.
  5678 | D:6      | Noticed a troll
  5685 | D:6      | Noticed a manticore
  5686 | D:6      | Reached skill level 13 in Axes
  5687 | D:6      | HP: 1/64 [troll (5)]
  5688 | D:6      | Slain by a troll

Illustrated notes

Levels and vault maps discovered:
D:1:      heliophobic_arrival_ceremonial_halls, layout_rooms,
          hangedman_glass_teeth
D:2:      layout_basic, serial_forest, infiniplex_forest_lined_room_3,
          infiniplex_forest_clump_curved, infiniplex_forest_lined_room_2,
          infiniplex_forest_straight_5
D:3:      kennysheep_slugbush, layout_loops_ring, mainiacjoe_overflow_paths,
          uniq_terence
D:4:      layout_loops_corners, pf_just_have_faith,
          mainiacjoe_overflow_brackets, mainiacjoe_overflow_catwalk,
          nicolae_wu_jian_immortal_techniques, cheibrodos_sewer_entry_sluice,
          hangedman_decor_clover_reticule, st_stairs_9
D:5:      layout_loops_ring, amcnicky_altar_gilded,
          lemuel_coloured_pillars_altar,
          nicolae_uskayaw_murder_on_the_dancefloor, minmay_liquid_box,
          uniq_edmund
D:6:      layout_gridville, vehumet_statue, nicolae_shop_distant_corner_stores,
          minmay_manual_mail, uniq_menkaure

Skill      XL: |  1  2  3  4  5  6  7  8 |
---------------+-------------------------+-----
Axes           | 3 4 5 6 8 9 11 13 | 13.0
Fighting       | |  3.6
Armour         | |  3.6
Shields        | |  3.6

Action                     |  1- 3 |  4- 6 |  7- 9 || total
---------------------------+-------+-------+-------++-------
  Melee: War axe           |    82 |   125 |   106 ||   313
         Headbutt          |    14 |    19 |    16 ||    49
    Use: Scroll            |       |     7 |     6 ||    13
         Potion            |       |     1 |     1 ||     2
 Armour: Scale mail        |    32 |       |       ||    32
         Chain mail        |    33 |    94 |    88 ||   215
  Dodge: Dodged            |    40 |    55 |    33 ||   128
  Block: Buckler           |    24 |     4 |       ||    28
         Kite shield       |       |    54 |    60 ||   114

Table legend: (Time is in decaauts)
 A = Elapsed time spent in this place.
 B = Non-inter-level travel time spent in this place.
 C = Inter-level travel time spent in this place.
 D = Time resting spent in this place.
 E = Time spent auto-exploring this place.
 F = Levels seen in this place.
 G = Mean time per level.
                   A        B        C        D        E       F      G
               +--------+--------+--------+--------+--------+-----+--------+
         Total |   5861 |   5516 |    345 |      0 |   4379 |   7 |  837.3 |
       Dungeon |   5228 |   4883 |    345 |      0 |   3985 |   6 |  871.3 |
         Sewer |    633 |    633 |      0 |      0 |    393 |   1 |  633.0 |
               +--------+--------+--------+--------+--------+-----+--------+

Top non-repeatable levels by time:
     D:4: 1584 daAuts
     D:5: 1088 daAuts
     D:3: 888 daAuts
     D:2: 875 daAuts
     D:1: 653 daAuts
   Sewer: 633 daAuts
     D:6: 138 daAuts
